 Dungeon Crawl Stone Soup version 0.18-a0-1577-gf591c28 (webtiles) character file.

20788 namename2 the Black Sun (level 12, -1/100 (101) HPs)
             Began as a Ghoul Necromancer on Mar 21, 2016.
             Was a High Priest of Kikubaaqudgha.
             Slain by Rupert
             ... wielding a +3 battleaxe of distortion
              (28 damage)
             ... on level 4 of the Lair of Beasts.
             The game lasted 01:52:08 (16259 turns).

namename2 the Black Sun (Ghoul Necromancer)        Turns: 16259, Time: 01:52:08

HP:   -1/100 (101)  AC:  8    Str: 13    XL:     12   Next: 83%
MP:   12/36         EV: 13    Int: 19    God:    Kikubaaqudgha [*****.]
Gold: 912           SH:  0    Dex: 12    Spells: 6 memorised, 0 levels left

rFire  . . .     SeeInvis .     v - +5 lajatang (elec)
rCold  + + .     Gourm    .     w - +2 robe {Archmagi}
rNeg   + + +     Faith    .     (shield currently unavailable)
rPois  ∞         Spirit   .     I - +1 hat of Omission {rC+ MP+9 Dex+3}
rElec  .         Dismiss  .     L - +2 cloak {MR+}
rCorr  .         Reflect  .     (no gloves)
SustAt .         Harm     .     (no boots)
MR     +....                    (no amulet)
Stlth  ++........               x - +5 ring of intelligence
                                l - ring of magical power

@: rotting, somewhat resistant to hostile enchantments, unstealthy
A: rotting body, claws 1, carnivore 3, cold resistance 1, negative energy
resistance 3, slow regeneration 1, torment resistance, unbreathing
a: Receive Corpses, Torment, Renounce Religion


You were on level 4 of the Lair of Beasts.
You worshipped Kikubaaqudgha.
Kikubaaqudgha was extremely pleased with you.
You were not hungry.

You visited 4 branches of the dungeon, and saw 19 of its levels.
You also visited: Bailey.

You collected 1614 gold pieces.
You spent 702 gold pieces at shops.

Inventory:

Hand Weapons
 v - a +5 lajatang of electrocution (weapon)
 O - a +0 blowgun
Missiles
 d - 6 curare-tipped needles
 f - a throwing net
 g - 40 tomahawks of returning
 o - 58 poisoned needles
 K - 7 javelins (quivered)
Armour
 w - a +2 robe of the Archmagi (worn)
 I - the +1 hat of Omission (worn) {rC+ MP+9 Dex+3}
   (You found it on level 7 of the Dungeon)

   It affects your dexterity (+3).
   It protects you from cold.
   It affects your magic capacity (+9).
 L - a +2 cloak of magic resistance (worn)
Magical Staves
 V - an uncursed staff of death
Jewellery
 a - an uncursed ring of sustain attributes
 l - a ring of magical power (left claw)
 x - a +5 ring of intelligence (right claw)
Wands
 i - a wand of lightning (8/15)
 p - a wand of teleportation (9/9)
 y - a wand of disintegration (6/24)
 A - a wand of iceblast (4/15)
 B - a wand of paralysis (14/24)
 J - a wand of slowing (20/48)
 T - a wand of disintegration (5/24)
 Y - a wand of lightning (13/15)
Scrolls
 e - 2 scrolls of remove curse
 h - a scroll of silence
 n - 3 scrolls of fear
 r - 3 scrolls of teleportation
 u - 2 scrolls of amnesia
 W - 2 scrolls of magic mapping
Potions
 j - a potion of invisibility
 k - 3 potions of heal wounds
 q - a potion of resistance
 t - 11 potions of curing
 z - 4 potions of magic
 F - 3 potions of flight
 M - a potion of agility
 P - 3 potions of haste
 Q - a potion of might
 R - 2 potions of cure mutation {unknown}
 U - a potion of cancellation
 X - 2 potions of mutation {unknown}
Books
 b - a book of Necromancy

   Spells                             Type                      Level
   a - Pain                           Necromancy                   1
   b - Animate Skeleton               Necromancy                   1
   c - Vampiric Draining              Necromancy                   3
   d - Regeneration                   Charms/Necromancy            3
   e - Animate Dead                   Necromancy                   4
   f - Control Undead                 Necromancy                   4
 m - Kikubaaqudgha's Reference Book on Evil Rites
   (Kikubaaqudgha gifted it to you on level 7 of the Dungeon)

   Spells                             Type                      Level
   a - Animate Skeleton               Necromancy                   1
   b - Pain                           Necromancy                   1
   c - Corpse Rot                     Necromancy                   2
   d - Vampiric Draining              Necromancy                   3
   e - Control Undead                 Necromancy                   4
 C - a book of Beasts

   Spells                             Type                      Level
   a - Summon Butterflies             Summoning                    1
   b - Call Canine Familiar           Summoning                    3
   c - Summon Ice Beast               Ice/Summoning                4
   d - Summon Mana Viper              Hexes/Summoning              5
   e - Summon Hydra                   Summoning                    7
 N - Kikubaaqudgha's Grimoire of Stolen Souls
   (Kikubaaqudgha gifted it to you on level 10 of the Dungeon)

   Spells                             Type                      Level
   a - Animate Dead                   Necromancy                   4
   b - Excruciating Wounds            Charms/Necromancy            5
   c - Dispel Undead                  Necromancy                   5
   d - Simulacrum                     Ice/Necromancy               6
   e - Death Channel                  Necromancy                   6
Miscellaneous
 S - a phantom mirror
Comestibles
 c - 7 meat rations
 s - a royal jelly
 D - 7 beef jerkies
 H - 7 slices of pizza


   Skills:
 - Level 8.0 Fighting
 - Level 10.0 Staves
 - Level 2.9 Armour
 - Level 4.1 Dodging
 - Level 2.1 Stealth
 - Level 5.0 Spellcasting
 - Level 5.0 Summonings
 + Level 13.4 Necromancy
 - Level 1.0 Evocations


You couldn't memorise any spells.
You knew the following spells:

 Your Spells              Type           Power        Failure   Level  Hunger
a - Death Channel         Necr           ######....   10%         6    #######
b - Animate Skeleton      Necr           N/A          1%          1    None
c - Vampiric Draining     Necr           ######....   1%          3    ##.....
d - Animate Dead          Necr           N/A          1%          4    ####...
e - Control Undead        Necr           ######....   1%          4    ####...
f - Call Canine Familiar  Summ           #####...     6%          3    ##.....


Dungeon Overview and Level Annotations

Branches:
Dungeon (12/15)            Temple (1/1) D:4            Lair (4/8) D:10
  Swamp (0/4) Lair:3          Orc (2/2) D:9
  Snake: Lair:3-6    Spider: Lair:3-6       Elf: Orc:2

Altars:
Cheibriados
Dithmenos
Fedhas
Gozag
Kikubaaqudgha
Makhleb
Okawaru
Pakellas
Qazlal
Ru
Sif Muna
Trog
Xom
Yredelemnul
Zin
The Shining One

Shops:
D:7 *   D:10 *   D:12 *

Annotations:
D:6 crawlian's ghost, novice DEEE
Lair:4 Rupert


Innate Abilities, Weirdness & Mutations

Your body is rotting away.
You thrive on raw meat.
You are immune to poison.
You have sharp fingernails.
You are carnivorous and can eat meat at any time.
Your flesh is cold resistant.
You are immune to negative energy.
You regenerate slowly when monsters are visible.
You are immune to unholy pain and torment.
You can survive without breathing.


Message History

Unknown command.
Casting: Vampiric Draining
Confirm with . or Enter, or press ? or * to list all spells.
Aiming: Vampiric Draining
Press: ? - help, Shift-Dir - straight line, f/p - Rupert
Aim: Rupert, wielding a battleaxe of distortion and wearing a leather armour (almost dead, berserk, fast, unusually strong)
You feel a surge of power!
Rupert is almost dead.
You feel life coursing into your body. Rupert closely misses you.
Casting: Vampiric Draining
Confirm with . or Enter, or press ? or * to list all spells.
Aiming: Vampiric Draining
Press: ? - help, Shift-Dir - straight line, f/p - Rupert
Aim: Rupert, wielding a battleaxe of distortion and wearing a leather armour (almost dead, berserk, fast, unusually strong)
You feel a surge of power!
Rupert is almost dead.
You feel life coursing into your body.
Rupert hits you with a battleaxe of distortion!!
You die...
Kikubaaqudgha rasps: "You have failed me!
Welcome... oblivion!"

##.# #..#
.. #P.# ..#
#..#####...
##<#.......
#..#...P...
#..#....#..
##...§Z....
##@@...###
###..P#
...# Z..#
..## .# ##


You could see Rupert (berserk) and a friendly komodo dragon zombie (confused).

Vanquished Creatures
  Nergalle (Lair:1)
  Pikel (D:8)
  A hill giant (D:7)
  An orc knight (Bailey)
  2 cyclopes
  An ice statue (D:12)
  A spiny frog (Lair:2)
  2 gargoyles (D:10)
  A komodo dragon (D:11)
  Grinder (D:4)
  The ghost of crawlian the Magician, an amateur DEEE (D:5)
  A two-headed ogre (D:9)
  Sigmund (D:4)
  A shadow (D:11)
  A hog (D:7)
  A basilisk (Lair:1)
  A wyvern (D:12)
  19 yaks
  5 hippogriffs
  A hungry ghost (D:9)
  A steam dragon (D:11)
  A human (D:7)
  Menkaure (D:4)
  2 water moccasins
  3 porcupines
  3 wasps
  3 black bears
  4 sky beasts
  4 slaves (D:6)
  10 orc warriors
  5 ogres
  3 centaurs
  7 crocodiles
  A big kobold (D:12)
  9 giant frogs
  A gnoll sergeant (D:9)
  A wyvern zombie (D:8)
  A wyvern skeleton (D:12)
  5 scorpions
  The ghost of Duffy the Chopper, a weakling DDBe of Trog (D:4)
  A water moccasin skeleton (D:8)
  9 killer bees (D:8)
  2 electric eels (D:8)
  8 wights
  2 howler monkeys
  5 crimson imps
  2 jellies
  2 quasits
  Crazy Yiuf (D:4)
  8 hounds
  11 orc priests
  A centaur skeleton (D:4)
  13 orc wizards
  Jessica (D:2)
  A giant frog skeleton (D:8)
  11 iguanas
  5 worker ants
  A killer bee zombie (D:8)
  7 sheep
  A hound skeleton (D:10)
  Robin (D:2)
  12 gnolls
  9 adders
  20 river rats
  A shadow imp (D:8)
  An adder skeleton (D:5)
  2 worms (D:2)
  2 dart slugs
  7 giant geckos
  48 orcs
  A ball python (D:3)
  6 bats
  7 giant cockroaches
  14 goblins
  13 hobgoblins
  8 jackals
  2 quokkas
  A giant gecko skeleton (D:4)
  4 giant newts
  A jackal skeleton (D:5)
  26 kobolds
  7 rats
  A fungus (Lair:4)
396 creatures vanquished.

Vanquished Creatures (collateral kills)
  2 hydras (Lair:3)
  Harold (D:10)
  A catoblepas (Lair:1)
  Sonja (Lair:3)
  A cyclops (D:12)
  2 centaur skeletons
  5 yaks
  A hog (D:7)
  A hippogriff (Lair:2)
  A porcupine (Lair:3)
  2 water moccasins
  A sky beast (D:12)
  3 orc warriors (Orc:1)
  2 centaurs (D:12)
  A giant frog (Lair:3)
  A scorpion (D:5)
  A wyvern skeleton (D:12)
  A wight (D:12)
  7 electric eels (Lair:3)
  A giant frog zombie (D:12)
  2 quasits
  4 orc wizards
  An orc priest (Orc:1)
  3 iguanas
  2 sheep (Lair:2)
  7 river rats
  A shadow imp (D:7)
  9 orcs
  A jackal (D:11)
  3 kobolds (D:12)
  7 fungi
76 creatures vanquished.

Grand Total: 472 creatures vanquished

Notes
Turn   | Place    | Note
--------------------------------------------------------------
     0 | D:1      | namename2 the Ghoul Necromancer began the quest for the Orb.
     0 | D:1      | Reached XP level 1. HP: 14/14 MP: 2/2
    43 | D:1      | Learned a level 1 spell: Animate Skeleton
    86 | D:1      | Reached skill level 1 in Fighting
   121 | D:1      | Reached XP level 2. HP: 18/23 MP: 0/3
   492 | D:1      | Reached XP level 3. HP: 23/28 MP: 4/4
   613 | D:1      | Learned a level 3 spell: Vampiric Draining
   804 | D:2      | Noticed Robin
   825 | D:2      | Killed Robin
   825 | D:2      | Reached skill level 5 in Necromancy
  1157 | D:2      | Reached XP level 4. HP: 35/35 MP: 6/6
  1158 | D:2      | Noticed Jessica
  1213 | D:2      | Killed Jessica
  1247 | D:2      | Found a deep blue altar of Sif Muna.
  1512 | D:2      | Reached XP level 5. HP: 12/40 MP: 6/7
  1518 | D:2      | Reached skill level 6 in Necromancy
  1601 | D:3      | Found a snail-covered altar of Cheibriados.
  2179 | D:4      | Noticed Duffy's ghost (weakling DDBe)
  2427 | D:4      | Noticed Menkaure
  2435 | D:4      | Noticed Sigmund
  2589 | D:4      | Reached skill level 1 in Staves
  2659 | D:5      | Entered Level 5 of the Dungeon
  2675 | D:5      | Noticed an ogre
  2677 | D:5      | Reached XP level 6. HP: 32/47 MP: 8/8
  2712 | D:5      | Noticed crawlian's ghost (amateur DEEE)
  2720 | D:5      | Killed crawlian's ghost
  2720 | D:5      | Reached XP level 7. HP: 48/52 MP: 9/9
  3033 | D:5      | Found an oddly glowing altar of Pakellas.
  3062 | D:5      | Reached skill level 5 in Staves
  3126 | D:5      | Learned a level 4 spell: Animate Dead
  3474 | D:5      | Found a bloodstained altar of Trog.
  3477 | D:5      | Found a shadowy altar of Dithmenos.
  3932 | D:4      | Killed Menkaure
  4232 | D:6      | Reached XP level 8. HP: 43/60 MP: 10/10
  4777 | D:4      | Noticed Grinder
  4777 | D:4      | Paralysed by Grinder for 3 turns
  4798 | D:4      | Paralysed by Grinder for 2 turns
  4801 | D:4      | Killed Grinder
  4948 | D:4      | Reached skill level 5 in Fighting
  5067 | D:4      | Noticed Crazy Yiuf
  5071 | D:4      | Killed Crazy Yiuf
  5289 | D:4      | Killed Sigmund
  5308 | D:4      | Learned a level 4 spell: Control Undead
  5344 | D:4      | Found a staircase to the Ecumenical Temple.
  5353 | Temple   | Entered the Ecumenical Temple
  5361 | Temple   | Became a worshipper of Kikubaaqudgha
  5554 | D:4      | Killed Duffy's ghost
  5711 | D:6      | Reached XP level 9. HP: 74/74 MP: 13/13
  5740 | D:6      | Reached skill level 7 in Necromancy
  5936 | D:6      | Found a burning altar of Makhleb.
  5941 | D:6      | Found a stormy altar of Qazlal.
  5941 | D:6      | Found a glowing silver altar of Zin.
  6022 | D:6      | Noticed crawlian's ghost (novice DEEE)
  6591 | D:6      | Found a blossoming altar of Fedhas.
  6739 | D:6      | Reached skill level 8 in Necromancy
  6947 | D:7      | Got a slimy hat
  6959 | D:7      | Identified the +1 hat of Omission {rC+ MP+9 Dex+3} (You found it on level 7 of the Dungeon)
  6963 | D:7      | Noticed a hill giant
  6973 | D:7      | Killed a hill giant
  7104 | D:7      | Found Ynue's General Store.
  7119 | D:7      | Bought a +2 cloak of magic resistance for 279 gold pieces
  7119 | D:7      | Bought a potion of agility for 52 gold pieces
  7200 | D:7      | Reached * piety under Kikubaaqudgha
  7200 | D:7      | Received a gift from Kikubaaqudgha
  7201 | D:7      | Identified Kikubaaqudgha's Reference Book on Evil Rites (Kikubaaqudgha gifted it to you on level 7 of the Dungeon)
  7668 | D:7      | Reached XP level 10. HP: 45/84 MP: 14/14
  8703 | D:8      | Reached ** piety under Kikubaaqudgha
  8714 | D:8      | Noticed Pikel
  8718 | D:8      | Reached skill level 1 in Evocations
  8724 | D:8      | Killed Pikel
  8913 | D:9      | Noticed a cyclops
  8922 | D:9      | Killed a cyclops
  8984 | D:9      | Reached skill level 9 in Necromancy
  9219 | D:9      | Found a staircase to the Orcish Mines.
  9417 | D:9      | Reached skill level 5 in Spellcasting
  9417 | D:9      | Reached XP level 11. HP: 90/94 MP: 17/17
  9422 | D:9      | Learned a level 3 spell: Call Canine Familiar
  9542 | D:9      | Reached skill level 1 in Summonings
  9712 | D:10     | Entered Level 10 of the Dungeon
  9726 | D:10     | Found a shadowy altar of Dithmenos.
  9849 | D:10     | Reached *** piety under Kikubaaqudgha
  9849 | D:10     | Received a gift from Kikubaaqudgha
  9851 | D:10     | Identified Kikubaaqudgha's Grimoire of Stolen Souls (Kikubaaqudgha gifted it to you on level 10 of the Dungeon)
  9951 | D:10     | Found a staircase to the Lair.
 10155 | D:10     | Found Fileusaamp's General Store.
 10180 | D:10     | Reached skill level 5 in Summonings
 10184 | D:10     | Bought a scroll of identify for 28 gold pieces
 10184 | D:10     | Bought a scroll of magic mapping for 49 gold pieces
 10306 | D:10     | Noticed Harold
 10330 | D:10     | Killed Harold
 10753 | D:11     | Reached skill level 10 in Necromancy
 11501 | D:12     | Found a frozen archway.
 11531 | D:12     | Found Onlok's Assorted Antiques.
 11535 | D:12     | Bought a pair of jewelled gloves for 294 gold pieces
 11540 | D:12     | Identified the cursed -4 pair of gloves of Wuar {+Fly rF- MR+++ Str-4} (You bought it in a shop on level 12 of the Dungeon)
 11572 | D:12     | Found a flagged portal.
 11580 | D:12     | Reached skill level 11 in Necromancy
 11587 | D:12     | Reached **** piety under Kikubaaqudgha
 11598 | Bailey   | Entered a bailey
 11670 | Bailey   | Noticed an orc warlord
 11867 | Bailey   | Noticed an orc knight
 11882 | Bailey   | Killed an orc knight
 11914 | Bailey   | Found a runed gate.
 11933 | Bailey   | Found a runed gate.
 11935 | Bailey   | Found a runed gate.
 12154 | D:12     | Noticed a cyclops
 12254 | D:12     | Killed a cyclops
 12257 | D:12     | Reached XP level 12. HP: 52/101 MP: 8/18
 12364 | D:12     | Reached skill level 12 in Necromancy
 12609 | D:12     | Learned a level 6 spell: Death Channel
 13007 | Orc:1    | Entered Level 1 of the Orcish Mines
 13103 | Lair:1   | Entered Level 1 of the Lair of Beasts
 13808 | Lair:1   | Noticed Nergalle
 13866 | Orc:2    | Entered Level 2 of the Orcish Mines
 13940 | Orc:1    | Reached ***** piety under Kikubaaqudgha
 14427 | Lair:1   | Killed Nergalle
 14503 | Lair:1   | Killed a catoblepas
 14642 | Lair:2   | Got a clouded lapis lazuli ring
 14648 | Lair:2   | Identified the ring "Dutoff" {rN++ AC+3} (You found it on level 2 of the Lair of Beasts)
 14700 | Lair:2   | Reached skill level 13 in Necromancy
 14720 | Lair:2   | Identified a scroll of acquirement
 14948 | Lair:2   | Found an oddly glowing altar of Pakellas.
 15410 | Lair:3   | Found a staircase to the Swamp.
 15550 | Lair:3   | Noticed a six-headed hydra
 15561 | Lair:3   | Killed a six-headed hydra
 15637 | Lair:3   | Noticed Sonja
 15645 | Lair:3   | Killed Sonja
 15710 | Lair:3   | Noticed a six-headed hydra
 15720 | Lair:3   | Killed a six-headed hydra
 15788 | Lair:3   | Reached skill level 10 in Staves
 16235 | Lair:4   | Noticed Rupert
 16259 | Lair:4   | Slain by Rupert

Vault maps used:
D:1:      dpeg_arrival_tiny_h, wad_floor_pattern_untrapped
D:2:      first_bread, serial_bayou_pond_d, kennysheep_minor_cross,
          lemuel_statue_altar, uniq_jessica, uniq_robin
D:3:      cheibriados_altar_1
D:4:      minmay_temple_entry_overgrown, uniq_crazy_yiuf_cottage, uniq_menkaure,
          uniq_grinder, uniq_sigmund
D:5:      lemuel_crystal_altar, nicolae_overflow_hidden_temple
D:6:      gammafunk_temple_overflow_forgotten, kennysheep_little_box, uniq_pikel
D:7:      serial_shops, shop_coins, grunt_livestock, minivault_25
D:8:      minivault_14, grunt_ministairs_11, kennysheep_small_circle
D:9:      orc_0_dummy
D:10:     due_lair_maze_entry_diamond, serial_shops, nicolae_shop_statue_plus,
          nicolae_dithmenos_shadow_blocks, uniq_harold
D:11:     nrook_loot_triangle
D:12:     lab_entry_generic, serial_glass, glass_columns_a, glass_columns_a,
          feat_on_display, item_on_display_a, serial_shops, shop,
          portal_ice_cave_entry_ice_statue_01, enter_bailey_2
Temple:   circular_temple_12
Lair:1:   uniq_nergalle
Lair:2:   basic_altar
Lair:3:   minmay_swamp_entry_eels, st_stairs_11, lemuel_fruit_tree,
          serial_bayou_shore_a, uniq_sonja
Lair:4:   minmay_snake_entry_six_corridors, infiniplex_staircase_pool_2,
          uniq_rupert
Orc:1:    minmay_orc_keep
Orc:2:    st_orc_congregation, basic_altar
Bailey:   bailey_axe_bossmonster_kennysheep, bailey

Skill      XL: |  1  2  3  4  5  6  7  8  9 10 11 12 |
---------------+-------------------------------------+-----
Fighting       | 1 2 5 6 8 |  8.0
Necromancy     | 5 6 8 9 11 13 | 13.4
Spellcasting   | 2 3 5 |  5.0
Staves         | 1 4 6 8 10 | 10.0
Dodging        | 3 4 |  4.1
Evocations     | 1 |  1.0
Armour         | 2 |  2.9
Summonings     | 5 |  5.0
Stealth        | |  2.1

Action                   |  1- 3 |  4- 6 |  7- 9 | 10-12 || total
-------------------------+-------+-------+-------+-------++-------
Melee: Whip              |    27 |       |       |       ||    27
       Short sword       |    81 |    29 |       |       ||   110
       Lajatang          |       |    23 |   256 |   661 ||   940
       Staff             |       |       |       |    27 ||    27
Throw: Stone             |     1 |     6 |     3 |       ||    10
       Tomahawk          |       |       |    19 |     2 ||    21
       Javelin           |       |       |       |     1 ||     1
 Cast: Pain              |    41 |    56 |    15 |    31 ||   143
       Animate Skeleton  |    13 |    16 |    18 |    81 ||   128
       Vampiric Draining |     3 |     5 |    11 |    92 ||   111
       Control Undead    |       |       |     3 |       ||     3
       Animate Dead      |       |       |     4 |    31 ||    35
       Call Canine Famil |       |       |       |    32 ||    32
       Death Channel     |       |       |       |    12 ||    12
Invok: Receive Corpses   |       |       |       |    17 ||    17
  Use: Scroll            |       |     2 |     6 |    33 ||    41
       Potion            |       |       |     2 |     2 ||     4
 Stab: Sleeping          |     2 |     3 |     4 |     7 ||    16
       Distracted        |       |       |       |     5 ||     5
  Eat: Chunk             |    20 |     9 |    36 |   164 ||   229
